 Dungeon Crawl Stone Soup version 0.23.2-11-gf996548 (webtiles) character file.

Game seed: 3356515016727925054

89 xhucknasty the Cudgeler (level 4, -1/41 HPs)
             Began as a Minotaur Berserker on June 2, 2019.
             Was a Believer of Trog.
             Slain by a gnoll
             ... wielding a +0 flail
              (8 damage)
             ... on level 3 of the Dungeon on June 6, 2019.
             The game lasted 00:12:47 (1800 turns).

xhucknasty the Cudgeler (Minotaur Berserker)        Turns: 1800, Time: 00:12:47

Health: -1/41      AC:  3    Str: 22    XL:     4   Next: 31%
Magic:  12/12      EV: 12    Int:  4    God:    Trog [**....]
Gold:   115        SH:  0    Dex: 10    Spells: 3/3 levels left

rFire    . . .     SeeInvis .   a - +1 mace
rCold    . . .     Gourm    .   (no shield)
rNeg     . . .     Faith    .   b - +1 animal skin
rPois    .         Spirit   .   (helmet restricted)
rElec    .         Reflect  .   i - scarf {repulsion}
rCorr    .         Harm     .   (no gloves)
MR       .....                  (no boots)
Stlth    ++........             (no amulet)
HPRegen  0.13/turn              h - ring of magical power
MPRegen  0.13/turn              l - ring of stealth

@: repel missiles
A: retaliatory headbutt, horns 2
a: Berserk, Trog's Hand, Renounce Religion


You were on level 3 of the Dungeon.
You worshipped Trog.
Trog was pleased with you.
You were not hungry.

You visited 1 branch of the dungeon, and saw 3 of its levels.

You collected 115 gold pieces.

Inventory:

Hand Weapons
 a - a +1 mace (weapon)
Armour
 b - a +1 animal skin (worn)
 e - a cursed +0 ring mail
 i - a scarf of repulsion (worn)
 m - a cursed +0 chain mail
Jewellery
 h - a ring of magical power (left hand)
 k - a +3 ring of protection {unknown}
 l - a ring of stealth (right hand)
 r - an uncursed amulet of regeneration {unknown}
Scrolls
 d - a scroll of enchant weapon
Potions
 f - 3 potions of curing {unknown}
 g - a potion of berserk rage {unknown}
 j - a potion of flight {unknown}
 n - a potion of mutation {unknown}
 o - a potion of ambrosia {unknown}
 q - a potion of haste {unknown}
Comestibles
 c - 6 rations


   Skills:
 + Level 4.6 Fighting
 + Level 5.0 Maces & Flails
 + Level 2.6 Armour
 + Level 2.7 Dodging
 + Level 0.3 Stealth


You had 3 spell levels left.
You didn't know any spells.
Your spell library was empty.

Dungeon Overview and Level Annotations

Branches:
Dungeon (3/15)

Altars:
Kikubaaqudgha
Qazlal
Sif Muna


Innate Abilities, Weirdness & Mutations

You reflexively headbutt those who attack you in melee.
You have a pair of horns on your head.


Message History

The gnoll is severely wounded.
The gnoll barely misses you. The gnoll hits you.
You hit the gnoll.
The gnoll is almost dead.
The gnoll completely misses you. The gnoll hits you.
The gnoll hits you with a +0 flail! The gnoll closely misses you.
You hit the gnoll but do no damage.
The gnoll is almost dead.
The gnoll hits you but does no damage. The gnoll barely misses you.
You furiously retaliate!
You headbutt the gnoll.
You kill the gnoll!
Trog accepts your kill.
Your Maces & Flails skill increases to level 5!
The gnoll hits you with a +0 flail!
* * * LOW HITPOINT WARNING * * *
There is a stone staircase leading up here.
You climb upwards.
There is a stone staircase leading down here.
You climb downwards.
The gnoll hits you with a +0 flail!
You die...

#. #.
####.############
#.......##......#
##...g.g....# #
##.#.).#.##.##.#.#
#.........##.##.#.#
..#.#.(.#.#.g.g...#
# ##.##.#.###@..#
#. #.#. ###.# ..
..#. # ##+ ###. #.
##


You could see 2 gnolls.

Vanquished Creatures
  2 adders (D:2)
  A gnoll (D:3)
  2 dart slugs
  A leopard gecko (D:1)
  8 bats
  4 giant cockroaches
  6 goblins
  10 hobgoblins
  4 jackals (D:1)
  A kobold (D:1)
  2 quokkas (D:2)
  8 frilled lizards
  2 rats
51 creatures vanquished.

Notes
Turn   | Place    | Note
-------+----------+-------------------------------------------
     0 | D:1      | xhucknasty the Minotaur Berserker began the quest for the
                  | Orb.
     0 | D:1      | Reached XP level 1. HP: 19/19 MP: 0/0
   461 | D:1      | Reached skill level 4 in Maces & Flails
   463 | D:1      | Reached XP level 2. HP: 23/27 MP: 1/1
   688 | D:1      | Reached XP level 3. HP: 33/33 MP: 2/2
   911 | D:2      | Upgraded the game from 0.23.2-1-ga50397a to
                  | 0.23.2-11-gf996548
   948 | D:2      | Reached ** piety under Trog
  1202 | D:2      | Found an ancient bone altar of Kikubaaqudgha.
  1296 | D:2      | Found a deep blue altar of Sif Muna.
  1430 | D:2      | Found a stormy altar of Qazlal.
  1459 | D:2      | Reached XP level 4. HP: 41/41 MP: 3/3
  1787 | D:3      | Reached skill level 5 in Maces & Flails
  1800 | D:3      | Slain by a gnoll

Skill      XL: |  1  2  3  4 |
---------------+-------------+-----
Maces & Flails | 4 5 |  5.0
Fighting       | 4 |  4.6
Armour         | |  2.6
Dodging        | |  2.7
Stealth        | |  0.3

Action                   |  1- 3 |  4- 6 || total
-------------------------+-------+-------++-------
Melee: Mace              |    82 |    12 ||    94
       Headbutt          |    16 |     2 ||    18
  Use: Scroll            |     6 |       ||     6
 Stab: Sleeping          |     4 |     1 ||     5
  Eat: Ration            |     1 |       ||     1
Armor: Animal skin       |    15 |     2 ||    17
Dodge: Dodged            |    64 |     9 ||    73
